Map: Scythe of Amon

Players

ViS

  • Race: Zerg Zerg

Exillian

  • Race: Terran Terran
  • Spawn Location: 5:00

VOD

Have the link to the VOD?

Description

Time

  • Played on: Jan. 24, 2018, 1:58 a.m.
  • Length: 12:07
Show
View Real Time Build Order
Export as new Build Order

ViS Zerg 

Build Orders:  

Get SALT Encoding   

  18  0:03  Primal Drone  
  19  0:11  Primal Drone  
  19  0:18  Primal Drone  
  21  0:27  Extractor  
  21  0:49  Primal Warden  
  22  0:56  Primal Drone  
  23  1:01  Primal Drone  
  23  1:06  Primal Drone  
  25  1:26  Primal Drone x2  
  27  1:39  Primal Drone  
  28  2:01  Primal Drone  
  28  2:06  Glevig's Den  
  28  2:16  Primal Drone  
  29  2:45  Primal Drone  
  29  2:46  Primal Drone  
  31  3:10  Primal Drone  
  32  3:32  Primal Drone x2  
  34  3:48  Primal Wurm  
  36  3:52  Primal Wurm, Murvar's Den  
  36  3:56  Primal Drone  
  38  4:22  Primal Drone x2  
  38  4:25  Primal Wurm  
  38  4:26  Primal Wurm  
  40  4:48  Primal Drone  
  41  4:54  Primal Drone  
  41  4:56  Primal Wurm  
  43  5:40  Primal Drone x2  
  43  5:41  Primal Drone  
  47  5:56  Primal Wurm  
  47  6:03  Primal Drone  
  48  6:57  Dakrun's Den, Primal Wurm  
  48  6:59  Primal Wurm  
  44  8:33  Primal Wurm  
  44  8:36  Primal Wurm  
  44  8:37  Primal Wurm  
  44  8:38  Primal Wurm x2  
  44  8:53  Primal Drone x3  
  44  8:54  Primal Drone x2  
  49  9:37  Primal Drone x2  
  51  9:54  Primal Drone  
  51  9:59  Primal Wurm  
  54  10:01  Primal Wurm  
  54  10:24  Primal Drone x2  
  58  10:44  Primal Wurm  
  58  10:48  Primal Wurm  
  60  11:31  Primal Wurm  
  60  11:38  Primal Wurm  
Show
View Real Time Build Order
Export as new Build Order

Exillian Terran 

Build Orders:  

Get SALT Encoding   

Tags
 
Commander
DehakaRaynor
Matchup
Co-op
Replay Pack
Co-op Speedrun
Add a new tag
Caveats
  • Supply blocks, unpowered buildings, or Contaminate may cause inaccurate times.
  • Supply counts are checked every 10 seconds.